 Dungeon Crawl Stone Soup version 0.30-a0-924-g0ad0bf95bc (webtiles) character file.

Game seed: 7932856699454956427

182621 mopl the Jinx (level 17, -1/99 HPs)
             Began as a Deep Elf Enchanter on Mar 22, 2023.
             Was the Champion of Dithmenos.
             Constricted to death by a shambling mangrove (10 damage)
             ... on level 4 of the Swamp.
             The game lasted 01:45:09 (33314 turns).

mopl the Jinx (Deep Elf Enchanter)                 Turns: 33314, Time: 01:45:10

Health: -1/99      AC: 10    Str:  5    XL:     17   Next: 71%
Magic:  34/35      EV: 12    Int: 29    God:    Dithmenos [******]
Gold:   1056       SH: 25    Dex: 18    Spells: 3/40 levels left

rFire   + . .      SeeInvis .    a - +2 dagger (venom)
rCold   . . .      Faith    +    m - +8 tower shield of the Sea {rPois rF+}
rNeg    + . .      Spirit   .    w - +0 robe {Will+}
rPois   +          Reflect  .    T - +0 helmet
rElec   +          Rampage  .    R - +2 cloak {Stlth+}
rCorr   .                        f - +2 pair of gloves
Will    ++...                    q - +0 pair of boots Stlth ****++++++
                                 Y - amulet "Toumua" {Faith rElec rPois Dex+3}
HPRegen 0.36/turn                j - ring "Kioxezeb" {rN+ Slay+4 Stlth+}
MPRegen 0.24/turn                S - ring of flight

@: confusing by touch, grasped by roots, flying, wreathed by umbra, constricted
A: no striking features
a: Renounce Religion, Shadow Step, Shadow Form


You were on level 4 of the Swamp.
You worshipped Dithmenos.
Dithmenos was exalted by your worship.
You visited 5 branches of the dungeon, and saw 27 of its levels.
You also visited: Sewer, Ice Cave and Volcano.

You collected 3505 gold pieces.
You spent 2449 gold pieces at shops.

Inventory:

Hand Weapons
 a - a +2 dagger of venom (weapon)
 b - the +6 short sword of the Girdle {drain, rC+}
   (You found it on level 3 of the Dungeon)

   rC:        It protects you from cold.
Missiles
 t - 38 poisoned darts
 x - 16 boomerangs
 H - 5 javelins
 I - 3 curare-tipped darts
 X - 2 throwing nets
Armour
 f - a +2 pair of gloves (worn)
 m - the +8 tower shield of the Sea (worn) {rPois rF+}
   (You found it on level 12 of the Dungeon)

   rF:        It protects you from fire.
   rPois:     It protects you from poison.
 q - a +0 pair of boots (worn)
 w - a +0 robe of willpower (worn)
 R - a +2 cloak of stealth (worn)
 T - a +0 helmet (worn)
Jewellery
 j - the ring "Kioxezeb" (left hand) {rN+ Slay+4 Stlth+}
   (You bought it in a shop on level 7 of the Dungeon)

   [ring of positive energy]

   Slay:      It affects your accuracy & damage with ranged weapons and melee
   (+4).
   rN:        It protects you from negative energy.
   Stlth:     It makes you more stealthy.
 y - a ring of willpower
 F - a +5 ring of evasion
 O - a ring of protection from cold
 S - a ring of flight (right hand)
 Y - the amulet "Toumua" (around neck) {Faith rElec rPois Dex+3}
   (You acquired it on level 3 of the Dungeon)

   [amulet of faith]

   It allows you to gain divine favour quickly.
   Dex:       It affects your dexterity (+3).
   rElec:     It insulates you from electricity.
   rPois:     It protects you from poison.
Wands
 n - a wand of mindburst (36)
 B - a wand of polymorph (8)
 G - a wand of light (5)
 L - a wand of roots (29)
 P - a wand of flame (15)
Scrolls
 d - 2 scrolls of blinking
 h - 21 scrolls of identify
 i - 2 scrolls of amnesia
 o - 2 scrolls of immolation
 p - 5 scrolls of vulnerability
 r - 6 scrolls of fear
 u - 3 scrolls of silence {!r}
 v - 2 scrolls of poison
 C - a scroll of brand weapon
 K - 2 scrolls of summoning
 Q - 6 scrolls of fog
 W - 3 scrolls of teleportation
 Z - 4 scrolls of magic mapping
Potions
 c - 2 potions of invisibility
 e - 3 potions of might
 k - a potion of resistance
 l - 2 potions of haste
 s - 6 potions of flight
 z - 8 potions of lignification {!q}
 A - 4 potions of berserk rage {!q}
 D - 3 potions of heal wounds
 E - a potion of cancellation
 J - 10 potions of curing
 M - 4 potions of brilliance
Miscellaneous
 g - a box of beasts (inert)
 N - a piece from Xom's chessboard (15/15)
 U - a phantom mirror (inert)


   Skills:
 + Level 8.9 Fighting
 + Level 11.0 Short Blades
 + Level 8.2 Throwing
 + Level 9.2 Dodging
 + Level 14.5 Stealth
 + Level 9.7 Shields
 + Level 12.1 Spellcasting
 + Level 14.7 Hexes
 + Level 1.1 Necromancy
 + Level 2.3 Translocations
 - Level 6.0 Transmutations
 + Level 3.0 Air Magic
 - Level 6.0 Earth Magic
 + Level 10.0 Invocations
 + Level 10.1 Evocations


You had 3 spell levels left.
You knew the following spells:

 Your Spells              Type           Power      Damage    Failure   Level
a - Dazzling Flash        Conj/Hex       100%       N/A       2%          3
b - Ensorcelled Hibernat  Hex/Ice        100%       N/A       1%          2
c - Confusing Touch       Hex            80%        N/A       1%          3
d - Tukima's Dance        Hex            80%        N/A       1%          3
e - Blink                 Tloc           62%        N/A       11%         2
f - Cause Fear            Hex            40%        N/A       1%          4
g - Portal Projectile     Hex/Tloc       100%       N/A       1%          3
h - Dispel Undead         Necr           23%        3d12      77%         4
n - Swiftness             Air            35%        N/A       16%         3
p - Passwall              Tmut/Erth      42%        N/A       2%          2
D - Discord               Hex            40%        N/A       96%         8

Your spell library contained the following spells:

 Spells                   Type           Power      Damage    Failure   Level
 Beastly Appendage        Tmut           100%       N/A       1%          1
 Sandblast                Erth           100%       2d20      1%          1
 Wereblood                Tmut           51%        N/A       2%          2
 Inner Flame              Hex/Fire       57%        N/A       2%          3
 Lesser Beckoning         Tloc           62%        N/A       11%         2
 Kiss of Death            Conj/Necr      80%        2d11      16%         1
 Spider Form              Tmut/Pois      34%        N/A       17%         3
 Stone Arrow              Conj/Erth      68%        3d11      17%         3
 Freeze                   Ice            68%        1d8       19%         1
 Momentum Strike          Conj/Tloc      48%        3d9       19%         2
 Sublimation of Blood     Necr           23%        N/A       19%         2
 Gell's Gravitas          Tloc           31%        N/A       22%         3
 Teleport Other           Tloc           31%        N/A       22%         3
 Frozen Ramparts          Ice            34%        1d6       50%         3
 Hailstorm                Conj/Ice       17%        3d6       50%         3
 Leda's Liquefaction      Hex/Erth       33%        N/A       2%          4
 Yara's Violent Unravell  Hex/Tmut       33%        3d14      8%          5
 Blade Hands              Tmut           25%        N/A       41%         5
 Animate Armour           Summ/Erth      68%        N/A       50%         4
 Ice Form                 Ice/Tmut       34%        N/A       50%         4
 Passage of Golubria      Tloc           31%        N/A       58%         4
 Olgreb's Toxic Radiance  Pois           17%        N/A       88%         4
 Statue Form              Tmut/Erth      34%        N/A       94%         6
 Conjure Ball Lightning   Conj/Air       13%        3x3d6     100%        6
 Simulacrum               Ice/Necr       10%        N/A       100%        6
 Dragon Form              Tmut           25%        N/A       100%        7
 Ozocubu's Refrigeration  Ice            8%         4d9       100%        7
 Summon Hydra             Summ           8%         N/A       100%        7
 Disjunction              Tloc           15%        N/A       100%        8
 Ignition                 Fire           8%         3d5       100%        8
 Lehudib's Crystal Spear  Conj/Erth      17%        10d5      100%        8
 Dragon's Call            Summ           8%         N/A       100%        9
 Shatter                  Erth           25%        3d22*     100%        9


Dungeon Overview and Level Annotations

Branches:
Dungeon (15/15)            Temple (1/1) D:5            Lair (5/5) D:11
  Swamp (4/4) Lair:3       Spider (0/4) Lair:2        Slime (0/5) Lair:5
    Orc (2/2) D:9             Elf (0/3) Orc:2        Vaults (0/5) D:13
  Sewer (visited)           IceCv (visited)         Volcano (visited)
 Depths: D:15

Altars:
Ashenzari
Cheibriados
Dithmenos
Elyvilon
Fedhas
Gozag
Hepliaklqana
Kikubaaqudgha
Makhleb
Nemelex Xobeh
Okawaru
Qazlal
Ru
Sif Muna
Trog
Uskayaw
Vehumet
Wu Jian
Xom
Yredelemnul
Zin
The Shining One
Jiyva

Shops:
D:3 ?(*[!   D:6 :   D:7 =   D:9 *   Orc:2 =??[

Portals:
Hell: Lair:5

Annotations:
D:10 3 runed translucent doors + SInv, exclusion: door
D:11 SInv, Harold
D:15 1 exclusion
Lair:3 3 runed translucent doors, dunno567's ghost, journeyman DrTm


Message History

Your juvenile firebat beast dies!
Your juvenile firebat beast's corpse disappears in a puff of smoke!
Dithmenos accepts your kill.
You hear a splash. x3
You feel a bit more experienced.
There is a stone staircase leading up, spattered with blood here.
You start resting.
HP restored.
You see here a +0 scale mail.
You see here a javelin.
Casting: Blink (safe; 11% risk of failure)
Confirm with . or Enter, or press ? or * to list all spells.
Your hands begin to glow red.
You hit the shambling mangrove but do no damage.
Roots burst forth from the earth!
The grasping roots grab you! The grasping roots constrict you.
You hit the shambling mangrove but do no damage.
You hit the shambling mangrove but do no damage.
Your shadow hits the shambling mangrove but does no damage.
You block the shambling mangrove's attack.
The grasping roots constrict you!
You hit the shambling mangrove but do no damage.
Your shadow hits the shambling mangrove but does no damage.
The shambling mangrove hits you!! The grasping roots constrict you.
You hit the shambling mangrove but do no damage.
You hit the shambling mangrove but do no damage.
You block the shambling mangrove's attack.
The grasping roots constrict you!
You barely miss the shambling mangrove.
Your shadow hits the shambling mangrove but does no damage.
You block the shambling mangrove's attack.
The grasping roots constrict you!
You hit the shambling mangrove but do no damage.
Your shadow hits the shambling mangrove but does no damage.
The roots grasp on you weakens, but your attempt to escape fails.
The shambling mangrove hits you!!
* * * LOW HITPOINT WARNING * * *
You emit a cloud of dark smoke.
The grasping roots constrict you!
You die...

~♣♣ #..~#.~~~~..♣ ..♣♣
#..~~~..~...♣ ~..♣♣
#♣~~~...f~.~♣♣
~~~.♣♣#~~#..~...~#
.~...~~♣###.~~.~#
~.§..~..##~#.~.(#
~~....~♣~##~♣~.##
.♣♣..~♣~..#♣...#♣#
♣♣~.....~..).~.f@♣♣
♣~.~~~...~..~..§§§♣♣
♣♣.~~~.~...~...~~.~♣
♣~♣...~.~...~~....♣♣
~~...~...^.~.~~..~~♣♣♣
..♣~.~~........~=.~.~♣♣
..§~.(~~...~.).~...~~.♣♣
~.~..~).....÷....[♣....♣
.~~~.....~..~.~~~.~♣♣~♣♣


You could see a shambling mangrove.

Vanquished Creatures
  Donald (Swamp:3)
  2 fenstrider witches
  Louise (Swamp:3)
  A hydra skeleton (Swamp:4)
  2 vampire knights
  2 eleionomae
  3 bunyips
  A shambling mangrove (Swamp:2)
  16 hydras
  An ogre mage (D:12)
  2 catoblepae
  4 centaur warriors
  15 alligators
  2 ghost crabs
  2 dancing weapons (D:13)
  A two-headed ogre (D:11)
  7 boulder beetles
  A death knight (D:13)
  6 death yaks (Lair:3)
  3 orc high priests
  A tengu warrior (D:14)
  5 goliath frogs
  A sixfirhy (Lair:5)
  2 flayed ghosts (Swamp:4)
  8 swamp dragons
  4 spriggan druids
  5 bog bodies
  A spectral hydra (Swamp:4)
  A wizard (Lair:5)
  8 orc knights
  17 ugly things
  4 will-o-the-wisps
  A deep elf pyromancer (D:12)
  8 orc sorcerers
  6 elephants
  7 cyclopes
  A manticore (D:14)
  Maurice (D:8)
  Joseph (Lair:1)
  An orange demon (Lair:5)
  9 black mambas
  A torpor snail (Lair:4)
  An ice statue (IceCv)
  A gargoyle (D:13)
  An unseen horror (D:12)
  A smoke demon (Lair:5)
  17 cane toads
  An efreet (D:13)
  8 rime drakes
  5 freezing wraiths
  A kobold demonologist (D:9)
  3 ice devils (Lair:5)
  9 komodo dragons
  2 hydra zombies (Swamp:4)
  9 trolls
  A red devil (Lair:5)
  A death drake zombie (Swamp:4)
  A meliai (D:12)
  6 tyrant leeches
  5 polar bears
  14 hornets
  3 dream sheep
  29 blink frogs
  A death drake skeleton (Swamp:4)
  2 culicivoras (Lair:2)
  3 jumping spiders (Lair:2)
  12 slime creatures
  11 spriggans
  4 shadows
  12 wyverns
  3 fire elementals (Volcano)
  45 yaks
  3 fire bats (Lair:3)
  2 wraiths
  A redback (Lair:2)
  2 dire elephant simulacra (IceCv)
  4 basilisks
  29 vampire mosquitoes
  2 wargs (Orc:1)
  A harpy simulacrum (IceCv)
  12 swamp worms
  13 water moccasins
  5 hydra simulacra (Swamp:4)
  2 acid dragons
  3 hell hounds (Lair:5)
  9 swamp drakes
  23 orc warriors
  A sky beast (D:8)
  3 black bears
  6 ogres
  3 swamp dragon zombies (Swamp:4)
  19 wolves
  5 centaurs
  2 swamp dragon skeletons (Swamp:4)
  2 kobold brigands
  6 bullfrogs
  5 scorpions
  A cane toad simulacrum (IceCv)
  5 wights (D:10)
  3 elephant simulacra (IceCv)
  11 killer bees
  3 spriggan skeletons (D:10)
  A troll skeleton (D:10)
  2 electric eels (Lair:3)
  8 howler monkeys
  2 hounds
  16 orc priests
  4 gnoll boudas
  A jelly (D:5)
  A sleepcap (D:7)
  6 iguanas
  Ijyb (D:4)
  21 orc wizards
  A polar bear simulacrum (IceCv)
  A wolf simulacrum (IceCv)
  7 gnolls
  3 river rats (Sewer)
  15 adders
  3 shadow imps
  13 white imps
  2 worms
  A dart slug (D:2)
  55 orcs
  12 ball pythons
  7 endoplasms
  8 giant cockroaches
  12 goblins
  13 hobgoblins
  7 jackals
  3 quokkas
  6 bats
  5 frilled lizards
  16 kobolds
  3 rats
  A butterfly (D:5)
821 creatures vanquished.

Vanquished Creatures (collateral kills)
  A thorn hunter (Swamp:4)
  2 hydras (Swamp:4)
  A two-headed ogre (D:8)
  2 spriggan druids (Swamp:4)
  2 ice statues (IceCv)
  An orc warrior (Orc:2)
  A centaur (D:9)
  Crazy Yiuf (D:2)
  A gnoll (D:4)
  2 orcs (Orc:2)
14 creatures vanquished.

Vanquished Creatures (others)
  3 bloated husks (Swamp:1)
  8 dancing weapons
  A swamp drake (Swamp:4)
  A briar patch (Swamp:4)
  39 foxfires
  33 fungi
  71 plants
156 creatures vanquished.

Grand Total: 991 creatures vanquished

Notes
Turn   | Place    | Note
-------+----------+-------------------------------------------
     0 | D:1      | mopl the Deep Elf Enchanter began the quest for the Orb.
     0 | D:1      | Reached XP level 1. HP: 10/10 MP: 6/6
   331 | D:1      | Reached XP level 2. HP: 12/15 MP: 8/8
   361 | D:1      | Learned a level 2 spell: Ensorcelled Hibernation
   388 | D:1      | Reached skill level 4 in Stealth
   712 | D:2      | Found a hide-covered altar of Uskayaw.
   718 | D:2      | Reached XP level 3. HP: 19/19 MP: 2/10
   871 | D:2      | Learned a level 3 spell: Confusing Touch
   875 | D:2      | Learned a level 3 spell: Tukima's Dance
   999 | D:2      | Reached skill level 2 in Short Blades
   999 | D:2      | Reached skill level 4 in Spellcasting
   999 | D:2      | Reached XP level 4. HP: 23/24 MP: 4/12
  1200 | D:2      | Reached skill level 5 in Hexes
  1291 | D:2      | Found a runed translucent door.
  1292 | D:2      | Noticed Crazy Yiuf
  1387 | D:2      | You fall into a shaft and drop 1 floor!
  1429 | D:3      | Found Poraxu Rekue's Distillery.
  1439 | D:3      | Bought 2 potions of degeneration for 22 gold pieces
  1439 | D:3      | Bought a potion of flight for 33 gold pieces
  1439 | D:3      | Bought a potion of might for 44 gold pieces
  1455 | D:3      | Found Foplil's General Store.
  1465 | D:3      | Bought a scroll of identify for 28 gold pieces
  1591 | D:3      | Found Bunuxoq's Armour Shop.
  1670 | D:3      | Found Deimunei's Antique Weapon Shoppe.
  1726 | D:3      | Identified the +6 short sword of the Girdle {drain, rC+}
  1818 | D:3      | Reached XP level 5. HP: 28/28 MP: 10/13
  1998 | D:3      | Found Pumoq's Magic Scroll Emporium.
  2061 | D:4      | Learned a level 2 spell: Passwall
  2182 | D:4      | Reached skill level 5 in Stealth
  2260 | D:4      | Noticed an ogre
  2268 | D:4      | Killed an ogre
  2269 | D:4      | Reached skill level 1 in Transmutations
  2269 | D:4      | Reached skill level 1 in Earth Magic
  2269 | D:4      | Reached XP level 6. HP: 33/33 MP: 3/15
  2280 | D:4      | Found a glowing drain.
  2303 | Sewer    | Entered a sewer
  2547 | Sewer    | Reached skill level 1 in Fighting
  2681 | Sewer    | Reached skill level 3 in Short Blades
  3068 | D:4      | Reached skill level 5 in Spellcasting
  3514 | D:4      | Noticed Ijyb
  3566 | D:4      | Killed Ijyb
  3629 | D:4      | Learned a level 3 spell: Dazzling Flash
  3715 | D:3      | Bought a potion of curing for 42 gold pieces
  3754 | D:5      | Entered Level 5 of the Dungeon
  3856 | D:5      | Reached XP level 7. HP: 38/38 MP: 8/16
  3862 | D:5      | Reached skill level 2 in Transmutations
  3870 | D:4      | Reached skill level 6 in Hexes
  4122 | D:5      | Reached skill level 2 in Earth Magic
  4447 | D:5      | Reached skill level 6 in Stealth
  4786 | D:5      | Found a staircase to the Ecumenical Temple.
  4873 | Temple   | Entered the Ecumenical Temple
  5103 | D:3      | Bought a potion of haste for 110 gold pieces
  5148 | D:6      | Found a sparkling altar of Nemelex Xobeh.
  5148 | D:6      | Found a shadowy altar of Dithmenos.
  5150 | D:6      | Found a shimmering altar of Xom.
  5150 | D:6      | Found a sacrificial altar of Ru.
  5151 | D:6      | Found a white marble altar of Elyvilon.
  5151 | D:6      | Found a stormy altar of Qazlal.
  5151 | D:6      | Found a basalt altar of Yredelemnul.
  5151 | D:6      | Found a hazy altar of Hepliaklqana.
  5156 | D:6      | Became a worshipper of Dithmenos the Shadowed
  5216 | D:6      | Reached skill level 2 in Fighting
  5244 | D:6      | Reached XP level 8. HP: 44/44 MP: 15/18
  5345 | D:6      | Found Ger Icy's Book Shoppe.
  5354 | D:6      | Reached skill level 3 in Transmutations
  5413 | D:6      | Reached skill level 1 in Shields
  5413 | D:6      | Reached skill level 3 in Earth Magic
  5465 | D:6      | Reached skill level 4 in Short Blades
  5487 | D:6      | Reached skill level 6 in Spellcasting
  5917 | D:7      | Found Qahoh's Jewellery Boutique.
  5935 | D:7      | Reached * piety under Dithmenos
  5954 | D:7      | Reached skill level 7 in Hexes
  5960 | D:7      | Identified the +6 flail of Maziushra {flame, rPois Str-2
                  | Int-5 Dex+7}
  6388 | D:7      | Noticed a hornet
  6391 | D:7      | Killed a hornet
  6392 | D:7      | Reached skill level 7 in Stealth
  6407 | D:7      | Noticed a boulder beetle
  6416 | D:7      | Reached skill level 2 in Shields
  6416 | D:7      | Reached skill level 4 in Transmutations
  6416 | D:7      | Reached skill level 4 in Earth Magic
  6416 | D:7      | Reached XP level 9. HP: 49/49 MP: 16/21
  6451 | D:7      | Killed a boulder beetle
  6452 | D:7      | Reached skill level 3 in Fighting
  6452 | D:7      | Reached skill level 7 in Spellcasting
  6737 | D:7      | Reached skill level 5 in Short Blades
  7097 | D:3      | Bought a scroll of fear for 56 gold pieces
  7160 | D:3      | Bought a scroll of fog for 56 gold pieces
  7587 | D:2      | Killed Crazy Yiuf
  7766 | D:8      | Found a glowing golden altar of the Shining One.
  7775 | D:8      | Noticed Maurice
  8001 | D:8      | Killed Maurice
  8002 | D:8      | Reached skill level 8 in Hexes
  8002 | D:8      | Reached skill level 5 in Transmutations
  8019 | D:7      | Reached skill level 8 in Stealth
  8195 | D:8      | Reached skill level 3 in Shields
  8195 | D:8      | Reached skill level 5 in Earth Magic
  8207 | D:8      | Noticed a two-headed ogre
  8283 | D:8      | Reached skill level 8 in Spellcasting
  8283 | D:8      | Reached XP level 10. HP: 56/56 MP: 18/24
  8295 | D:8      | Reached ** piety under Dithmenos
  8579 | D:8      | Killed a two-headed ogre
  8580 | D:8      | Reached skill level 4 in Fighting
  8934 | D:9      | Found a staircase to the Orcish Mines.
  9432 | D:9      | Learned a level 4 spell: Cause Fear
  9435 | D:9      | Found Faaf's Assorted Antiques.
  9444 | D:9      | Bought a scroll labelled CURHAOPUQO for 28 gold pieces
  9673 | D:9      | Reached skill level 6 in Short Blades
  9719 | D:9      | Reached skill level 9 in Hexes
  9721 | D:9      | Reached skill level 1 in Invocations
  9721 | D:9      | Reached skill level 1 in Evocations
  9737 | D:9      | Reached skill level 9 in Stealth
  9819 | D:9      | Reached skill level 4 in Shields
  9840 | D:9      | Reached skill level 9 in Spellcasting
  9840 | D:9      | Reached skill level 2 in Invocations
  9840 | D:9      | Reached skill level 2 in Evocations
 10262 | D:9      | Reached XP level 11. HP: 62/62 MP: 23/26
 10329 | Orc:1    | Entered Level 1 of the Orcish Mines
 10357 | Orc:1    | Noticed an orc sorcerer
 10357 | Orc:1    | Paralysed by an orc sorcerer for 2 turns
 10365 | Orc:1    | Killed an orc sorcerer
 10530 | Orc:2    | Entered Level 2 of the Orcish Mines
 10666 | Orc:2    | Noticed an orc knight
 10674 | Orc:1    | Reached *** piety under Dithmenos
 10705 | Orc:1    | Killed an orc knight
 10706 | Orc:1    | Reached skill level 5 in Fighting
 10706 | Orc:1    | Reached skill level 3 in Invocations
 10706 | Orc:1    | Reached skill level 3 in Evocations
 10778 | Orc:2    | Found a staircase to the Elven Halls.
 11069 | D:3      | Bought a scroll of acquirement for 728 gold pieces
 11069 | D:3      | Acquired the amulet "Toumua" {Faith rElec rPois Dex+3}
 11406 | Orc:2    | Noticed an orc knight
 11458 | Orc:2    | Noticed an orc sorcerer
 11501 | Orc:2    | Killed an orc sorcerer
 11699 | Orc:2    | Killed an orc knight
 11718 | Orc:2    | Reached skill level 10 in Hexes
 11738 | Orc:2    | Noticed an orc knight
 11739 | Orc:2    | Noticed an orc sorcerer
 11808 | Orc:1    | Killed an orc knight
 11809 | Orc:1    | Reached skill level 7 in Short Blades
 12035 | Orc:2    | Killed an orc sorcerer
 12036 | Orc:2    | Reached skill level 10 in Stealth
 12218 | Orc:1    | Noticed an orc sorcerer
 12229 | Orc:1    | Noticed an orc sorcerer
 12235 | Orc:1    | Killed an orc sorcerer
 12236 | Orc:1    | Reached skill level 4 in Evocations
 12239 | Orc:1    | Killed an orc sorcerer
 12240 | Orc:1    | Reached skill level 10 in Spellcasting
 12240 | Orc:1    | Reached skill level 4 in Invocations
 12737 | Orc:2    | Noticed an orc knight
 12800 | Orc:1    | Killed an orc knight
 12867 | Orc:1    | Reached **** piety under Dithmenos
 12957 | Orc:2    | Noticed an orc high priest
 12958 | Orc:2    | Noticed an orc high priest
 13111 | Orc:2    | Noticed a sun demon
 13111 | Orc:2    | Killed an orc high priest
 13140 | Orc:2    | Noticed an orc high priest
 13162 | Orc:2    | Reached XP level 12. HP: 68/68 MP: 25/28
 13440 | Orc:1    | Killed an orc high priest
 13441 | Orc:1    | Reached skill level 1 in Throwing
 13441 | Orc:1    | Reached skill level 6 in Transmutations
 13748 | Orc:2    | Killed an orc high priest
 13749 | Orc:2    | Reached skill level 6 in Earth Magic
 14102 | Orc:2    | Found Erriupha's Magic Scroll Emporium.
 14102 | Orc:2    | Found Lypiuw's Jewellery Boutique.
 14105 | Orc:2    | Found Qajab's Antique Armour Emporium.
 14105 | Orc:2    | Found Vulapega's Magic Scroll Boutique.
 14111 | Orc:2    | Bought a scroll of blinking for 112 gold pieces
 14111 | Orc:2    | Bought a scroll of enchant armour for 112 gold pieces
 14111 | Orc:2    | Bought a scroll of enchant weapon for 112 gold pieces
 14111 | Orc:2    | Bought a scroll of fog for 60 gold pieces
 14115 | Orc:2    | Bought a scroll of noise for 14 gold pieces
 14115 | Orc:2    | Bought a scroll of teleportation for 42 gold pieces
 14115 | Orc:2    | Bought a scroll of vulnerability for 56 gold pieces
 14115 | Orc:2    | Bought a scroll of blinking for 105 gold pieces
 14176 | D:10     | Entered Level 10 of the Dungeon
 14178 | D:10     | Reached skill level 5 in Shields
 14453 | D:10     | Reached ***** piety under Dithmenos
 14476 | D:10     | Reached skill level 2 in Throwing
 14504 | D:10     | Found a runed translucent gate.
 14504 | D:10     | Found a runed translucent gate.
 14512 | D:10     | Found a runed translucent gate.
 14528 | D:10     | Reached skill level 5 in Evocations
 14554 | D:10     | Reached skill level 5 in Invocations
 14613 | D:10     | Reached skill level 11 in Hexes
 15215 | D:11     | Noticed Harold
 15217 | D:11     | Reached skill level 6 in Fighting
 15233 | D:11     | Noticed a two-headed ogre
 15240 | D:11     | Killed a two-headed ogre
 15342 | D:11     | Found a staircase to the Lair.
 15351 | Lair:1   | Entered Level 1 of the Lair of Beasts
 15388 | D:11     | Noticed a boulder beetle
 15405 | D:11     | Killed a boulder beetle
 15460 | D:10     | Reached skill level 11 in Stealth
 16195 | Lair:1   | Reached skill level 8 in Short Blades
 16260 | Lair:1   | Noticed a boulder beetle
 16270 | Lair:1   | Killed a boulder beetle
 16271 | Lair:1   | Reached skill level 3 in Throwing
 16271 | Lair:1   | Reached skill level 11 in Spellcasting
 16375 | Lair:1   | Noticed Joseph
 16391 | Lair:1   | Killed Joseph
 16468 | Lair:1   | Reached XP level 13. HP: 74/74 MP: 27/30
 16953 | Lair:2   | You fall into a shaft and drop 1 floor!
 16989 | Lair:3   | Reached skill level 6 in Evocations
 17010 | Lair:3   | Found a runed translucent gate.
 17013 | Lair:3   | Found a runed translucent gate.
 17013 | Lair:3   | Found a runed translucent gate.
 17013 | Lair:3   | Noticed dunno567's ghost (journeyman DrTm)
 17066 | Lair:3   | Found a dark tunnel.
 17075 | Volcano  | Entered a volcano
 17209 | Lair:3   | Reached skill level 6 in Invocations
 17307 | Lair:2   | Found a hole to the Spider Nest.
 17501 | Lair:2   | Found a frozen archway.
 17512 | IceCv    | Entered an ice cave
 17524 | IceCv    | Reached skill level 3 in Dodging
 17688 | IceCv    | Reached ****** piety under Dithmenos
 17708 | IceCv    | Got the Folio of Lithomancy
 17991 | Lair:2   | Reached skill level 4 in Throwing
 18142 | Lair:2   | Identified the +0 chain mail of Quiescent Miracles {+Blink
                  | MP+9}
 18513 | Lair:2   | Reached skill level 6 in Shields
 18665 | D:7      | Bought the ring "Kioxezeb" {rN+ Slay+4 Stlth+} for 605 gold
                  | pieces
 18840 | Lair:3   | Reached skill level 12 in Hexes
 18843 | Lair:3   | Reached skill level 4 in Dodging
 18884 | Lair:3   | Identified the +0 helmet "Ymer" {-Cast rElec Dex+3}
 19685 | Lair:3   | Reached skill level 7 in Fighting
 19685 | Lair:3   | Reached skill level 12 in Stealth
 19685 | Lair:3   | Reached skill level 12 in Spellcasting
 19843 | Lair:3   | Reached XP level 14. HP: 82/82 MP: 29/32
 19851 | Lair:3   | Reached skill level 7 in Invocations
 19851 | Lair:3   | Reached skill level 7 in Evocations
 19851 | Lair:3   | Found a staircase to the Swamp.
 19928 | Lair:4   | Reached skill level 9 in Short Blades
 20668 | Lair:4   | Reached skill level 5 in Throwing
 20814 | Lair:4   | Reached skill level 5 in Dodging
 21758 | Lair:5   | Entered Level 5 of the Lair of Beasts
 21840 | Lair:5   | Found a viscous altar of Jiyva.
 21840 | Lair:5   | Found a staircase to the Slime Pits.
 22116 | Lair:5   | Reached skill level 6 in Dodging
 22125 | Lair:5   | Learned a level 8 spell: Discord
 22547 | Lair:5   | Reached skill level 7 in Shields
 22588 | Lair:5   | Reached skill level 13 in Hexes
 22624 | Lair:5   | Reached skill level 8 in Invocations
 22631 | Lair:5   | Reached skill level 6 in Throwing
 22631 | Lair:5   | Reached skill level 8 in Evocations
 22665 | Lair:5   | Found a burning altar of Makhleb.
 22666 | Lair:5   | Found a gateway to Hell.
 23761 | Orc:2    | Bought a scroll of teleportation for 42 gold pieces
 23761 | Orc:2    | Bought a scroll of teleportation for 42 gold pieces
 23886 | D:12     | Reached XP level 15. HP: 88/88 MP: 30/33
 24022 | D:12     | Reached skill level 13 in Stealth
 24115 | D:12     | Identified the +8 tower shield of the Sea {rPois rF+}
 25227 | D:13     | Reached skill level 7 in Dodging
 25322 | D:13     | Found a gate to the Vaults.
 25335 | D:13     | Reached skill level 10 in Short Blades
 25344 | D:13     | Reached skill level 8 in Shields
 25344 | D:13     | Reached XP level 16. HP: 92/92 MP: 34/34
 25377 | D:13     | Reached skill level 8 in Fighting
 25966 | D:14     | Reached skill level 9 in Shields
 26598 | D:14     | Identified the +1 ring mail of Gestures {Will+}
 26730 | D:15     | Entered Level 15 of the Dungeon
 27053 | D:15     | Reached skill level 7 in Throwing
 27284 | D:15     | Reached skill level 9 in Evocations
 27516 | Swamp:1  | Entered Level 1 of the Swamp
 27711 | Swamp:1  | Reached skill level 9 in Invocations
 28508 | Swamp:1  | Found the +4 consecrated labrys {holy, Valiant Fragile Fly
                  | SInv}
 28655 | Swamp:1  | Reached skill level 8 in Dodging
 28971 | Swamp:2  | Reached skill level 14 in Hexes
 29016 | Swamp:2  | You are sucked into a shaft and drop 1 floor!
 29032 | Swamp:3  | Noticed Louise
 29099 | Swamp:3  | Reached XP level 17. HP: 86/99 MP: 31/35
 29154 | Swamp:3  | Learned a level 3 spell: Swiftness
 29168 | Swamp:3  | Reached skill level 14 in Stealth
 29368 | Swamp:2  | Reached skill level 1 in Air Magic
 29460 | Swamp:2  | Paralysed by a hornet for 3 turns
 30070 | Swamp:3  | Killed Louise
 30151 | Swamp:3  | Noticed Donald
 30184 | Swamp:3  | Killed Donald
 30412 | Swamp:4  | Entered Level 4 of the Swamp
 30430 | Swamp:4  | Learned a level 2 spell: Blink
 30447 | Swamp:4  | Reached skill level 2 in Air Magic
 30494 | Swamp:4  | Found a blossoming altar of Fedhas.
 30499 | Swamp:4  | Reached skill level 1 in Translocations
 30782 | Swamp:4  | Reached skill level 8 in Throwing
 30819 | Swamp:4  | Reached skill level 9 in Dodging
 31992 | Swamp:4  | Learned a level 3 spell: Portal Projectile
 32388 | Swamp:4  | Learned a level 4 spell: Dispel Undead
 32465 | Swamp:4  | Reached skill level 2 in Translocations
 32699 | Swamp:3  | Reached skill level 10 in Evocations
 32945 | Swamp:4  | Reached skill level 11 in Short Blades
 33099 | Swamp:4  | Reached skill level 3 in Air Magic
 33099 | Swamp:4  | Reached skill level 10 in Invocations
 33107 | Swamp:4  | Reached skill level 1 in Necromancy
 33314 | Swamp:4  | Constricted to death by a shambling mangrove

Illustrated notes

Levels and vault maps discovered:
D:1:      minmay_arrival_widening_spiral_wide, layout_basic, minmay_pentomino_v2
D:2:      layout_loops_ring, basic_altar, uniq_crazy_yiuf_cottage
D:3:      layout_basic, serial_shops, nicolae_square_shop,
          nicolae_lakefront_shop, nicolae_square_shop, shop,
          nicolae_shop_advertising_works [nicolae_subvault_shop_adworks],
          minmay_splitting_lines, nrook_uturn, kennysheep_generic_room_16
D:4:      kennysheep_goblin_castle, layout_basic, portal_sewer_entry_d
D:5:      layout_loops_ring, minmay_temple_entry_butterflies, serial_rivers,
          chequers_serial_rivers_micro_a, chequers_serial_rivers_room_b,
          chequers_serial_rivers_large_a, chequers_serial_rivers_small_b,
          chequers_serial_rivers_large_b
D:6:      layout_rooms, grunt_temple_overflow_open, serial_shops,
          nicolae_shop_behind_doors, hellmonk_bongcloud_opening,
          patterned_corridor
D:7:      layout_basic, serial_shops, shop
D:8:      layout_basic, general_overflow_altar, uniq_maurice
D:9:      minmay_polygon_palace, layout_loops_ring, serial_shops,
          nicolae_shop_crystal
D:10:     layout_small_grid, ploomutoo_gammafunk_ghost_potion_laboratory,
          serial_bayou_pond_e, hangedman_tell_no_tales
D:11:     layout_long_grid, grunt_lair_entry_orc_guard_hut, uniq_harold
D:12:     layout_long_grid, minmay_radiant
D:13:     layout_loops_ring, erik_vaults_1, minmay_misc_feat_room
D:14:     layout_gridville
D:15:     grunt_enter_depths_hoard, layout_loops_ring, minivault_19
Temple:   hellmonk_temple_forest_ring
Lair:1:   layout_regular_city, chequers_serial_rivers_micro_d, uniq_joseph
Lair:2:   layout_chaotic_city, nicolae_spider_entry_tight_spaces,
          portal_ice_cave_entry_imps
Lair:3:   layout_roguey, nicolae_swamp_entry_splash_gauntlet,
          gammafunk_ghost_hydra_chop, nicolae_volcano_entry_batcave,
          nicolae_lair_grazing_beasts [nicolae_sub_lair_graze_edge,
          nicolae_sub_lair_graze_edge, nicolae_sub_lair_graze_edge,
          nicolae_sub_lair_graze_edge]
Lair:4:   nzn_winding_woodlands_medium [nzn_winding_woodlands_5x5_three,
          nzn_winding_woodlands_5x15_longhouse,
          nzn_winding_woodlands_5x5_checkerboard,
          nzn_winding_woodlands_hourglass,
          nzn_winding_woodlands_center_pierced_h,
          nzn_winding_woodlands_5x5_perimeter, nzn_winding_woodlands_5x5_cross,
          nzn_winding_woodlands_5x15_pool, nzn_winding_woodlands_5x5_open_star],
          layout_regular_city
Lair:5:   evil_forest, layout_loops_ring, slime_entry_1,
          infiniplex_staircase_pool
Swamp:1:  layout_basic_swamp, nicolae_swamp_orc_logging_accident, swamp_pool5
Swamp:2:  layout_basic_swamp, nicolae_swamp_little_tower
Swamp:3:  layout_basic_swamp, serial_swamp_ruin, evilmike_swamp_ruin_house_6,
          evilmike_swamp_ruin_house_3, uniq_donald, uniq_louise
Swamp:4:  byrel_swamp_growth_death_and_undeath, layout_basic_swamp, swamp_pool5
Orc:1:    layout_diamond_mine
Orc:2:    grunt_orc_tribal_feast, layout_caves

Skill      XL: |  1  2  3  4  5  6  7  8  9 10 11 12 13 14 15 16 17 |
---------------+----------------------------------------------------+-----
Stealth        | 4 5 6 7 8 9 10 11 12 13 14 | 14.5
Short Blades   | 2 3 4 5 6 7 8 9 10 11 | 11.0
Spellcasting   | 4 5 6 8 9 10 11 12 | 12.1
Hexes          | 5 6 7 8 9 10 11 12 13 14 | 14.7
Transmutations | 1 2 4 5 6 |  6.0
Earth Magic    | 1 2 4 5 6 |  6.0
Fighting       | 1 2 3 4 5 6 7 8 |  8.9
Shields        | 2 3 4 5 6 7 8 9 |  9.7
Invocations    | 2 4 5 6 8 9 10 | 10.0
Evocations     | 2 4 5 6 8 9 10 | 10.1
Throwing       | 3 4 6 7 8 |  8.2
Dodging        | 4 6 7 8 9 |  9.2
Air Magic      | 3 |  3.0
Translocations | 2 |  2.3
Necromancy     | 1 |  1.1

Action                     |  1- 3 |  4- 6 |  7- 9 | 10-12 | 13-15 | 16-18 || total
---------------------------+-------+-------+-------+-------+-------+-------++-------
  Melee: Dagger            |    71 |    82 |    87 |   436 |   395 |   389 ||  1460
         Punch             |     1 |     1 |       |       |       |       ||     2
         Short sword       |       |   118 |    82 |    82 |   124 |    29 ||   435
  Throw: Dart              |       |       |     3 |     3 |     2 |     3 ||    11
         Boomerang         |       |       |       |       |       |    23 ||    23
         Javelin           |       |       |       |       |       |     3 ||     3
   Cast: Ensorcelled Hiber |    14 |    40 |    62 |   182 |   164 |   115 ||   577
         Tukima's Dance    |       |     5 |     6 |    20 |     5 |     1 ||    37
         Passwall          |       |       |    12 |    13 |    22 |     7 ||    54
         Confusing Touch   |       |       |     5 |    12 |    25 |    37 ||    79
         Dazzling Flash    |       |       |       |     2 |    14 |       ||    16
         Cause Fear        |       |       |       |       |     4 |       ||     4
         Blink             |       |       |       |       |       |     1 ||     1
 Invoke: Shadow Step       |       |       |       |       |     3 |    11 ||    14
  Evoke: Wand              |       |       |     2 |     5 |    10 |    40 ||    57
         Piece from Xom's  |       |       |       |     1 |     1 |       ||     2
         Phantom mirror    |       |       |       |       |       |     2 ||     2
         Box of beasts     |       |       |       |       |       |     1 ||     1
    Use: Scroll            |       |       |     6 |    10 |    10 |     7 ||    33
         Potion            |       |       |     1 |       |     5 |     4 ||    10
   Stab: Sleeping          |     9 |    37 |    56 |   127 |   207 |   124 ||   560
         Confused          |       |       |     1 |    13 |    18 |    33 ||    65
         Invisible         |       |       |     1 |     1 |     5 |       ||     7
         Distracted        |       |       |       |     3 |     2 |     2 ||     7
         Paralysed         |       |       |       |       |     3 |     1 ||     4
 Armour: Robe              |    18 |    76 |    38 |   151 |    84 |    61 ||   428
  Dodge: Dodged            |    38 |   142 |    70 |   254 |   221 |   106 ||   831
  Block: Buckler           |       |       |    20 |   124 |    93 |     6 ||   243
         Tower shield      |       |       |       |       |       |   306 ||   306

Table legend: (Time is in decaauts)
 A = Elapsed time spent in this place.
 B = Non-inter-level travel time spent in this place.
 C = Inter-level travel time spent in this place.
 D = Time resting spent in this place.
 E = Time spent auto-exploring this place.
 F = Levels seen in this place.
 G = Mean time per level.
                   A        B        C        D        E       F      G
               +--------+--------+--------+--------+--------+-----+--------+
         Total |  33065 |  30251 |   2814 |   7738 |  13716 |  30 | 1102.2 |
       Dungeon |  15369 |  13430 |   1939 |   1733 |   8270 |  15 | 1024.6 |
        Temple |    164 |    146 |     18 |      0 |    136 |   1 |  164.0 |
          Lair |   6998 |   6537 |    461 |   1857 |   2745 |   5 | 1399.6 |
         Swamp |   5723 |   5590 |    133 |   2387 |   1419 |   4 | 1430.8 |
  Orcish Mines |   3643 |   3382 |    261 |   1628 |    686 |   2 | 1821.5 |
         Sewer |    824 |    824 |      0 |     73 |    459 |   1 |  824.0 |
      Ice Cave |    223 |    223 |      0 |     60 |      0 |   1 |  223.0 |
       Volcano |    118 |    118 |      0 |      0 |      0 |   1 |  118.0 |
               +--------+--------+--------+--------+--------+-----+--------+

Top non-repeatable levels by time:
   Orc:1: 2185 daAuts
  Lair:3: 1919 daAuts
 Swamp:4: 1822 daAuts
  Lair:5: 1785 daAuts
 Swamp:3: 1685 daAuts
     D:7: 1461 daAuts
   Orc:2: 1458 daAuts
     D:9: 1455 daAuts
     D:4: 1427 daAuts
 Swamp:1: 1402 daAuts
  Lair:4: 1263 daAuts
  Lair:2: 1090 daAuts
     D:2: 1075 daAuts
    D:11: 1065 daAuts
     D:5: 1061 daAuts
